 Dungeon Crawl Stone Soup version 0.22.1-6-g1668fe2 (webtiles) character file.

350 colophon the Sneak (level 6, -2/37 HPs)
             Began as a Kobold Enchanter on Jan 20, 2019.
             Killed from afar by an orc wizard (4 damage)
             ... with a magic dart
             ... on level 3 of the Dungeon.
             The game lasted 00:21:08 (5694 turns).

colophon the Sneak (Kobold Enchanter)               Turns: 5694, Time: 00:21:09

Health: -2/37      AC:  3    Str:  5    XL:     6   Next: 92%
Magic:  0/9        EV: 17    Int: 17    God:
Gold:   117        SH:  0    Dex: 17    Spells: 3/9 levels left

rFire    . . .     SeeInvis .   a - +1 dagger
rCold    . . .     Gourm    .   (shield restricted)
rNeg     . . .     Faith    .   b - +0 robe
rPois    .         Spirit   .   (no helmet)
rElec    .         Reflect  .   (no cloak)
rCorr    .         Harm     .   g - +0 pair of gloves
MR       .....                  (no boots)
Stlth    +++.......             (no amulet)
HPRegen  0.12/turn              (no ring)
MPRegen  0.11/turn              (no ring)

@: no status effects
A: small, carnivore
a: no special abilities


You were on level 3 of the Dungeon.
You were very full.

You visited 1 branch of the dungeon, and saw 4 of its levels.

You collected 117 gold pieces.

Inventory:

Hand Weapons
 a - a +1 dagger (weapon)
 r - a +2 dagger of protection
Missiles
 f - 37 bolts
Armour
 b - a +0 robe (worn)
 g - a +0 pair of gloves (worn)
Scrolls
 e - a scroll of blinking {unknown}
 j - 2 scrolls of remove curse {unknown}
 k - a scroll of fog
 m - a scroll of random uselessness {unknown}
 p - a scroll of enchant armour {unknown}
 t - 2 scrolls of identify {unknown}
Potions
 c - 2 potions of lignification {unknown}
 h - 2 potions of flight
 i - a potion of might
 l - 2 potions of haste {unknown}
 n - a potion of ambrosia {unknown}
 s - 2 potions of mutation {unknown}
 u - a potion of resistance {unknown}
Comestibles
 d - 10 rations


   Skills:
 + Level 3.0 Fighting
 + Level 3.8 Short Blades
 + Level 4.2 Dodging
 + Level 5.7 Stealth
 - Level 2.3 Spellcasting
 - Level 3.0 Hexes
 + Level 2.4 Ice Magic


You had 3 spell levels left.
You knew the following spells:

 Your Spells              Type           Power        Failure   Level  Hunger
a - Corona                Hex            ##.....      5%          1    #......
b - Ensorcelled Hibernat  Hex/Ice        ##....       10%         2    ###....
c - Confuse               Hex            ##......     16%         3    ###....

Your spell library contained the following spells:

 Spells                   Type           Power        Failure   Level  Hunger
 Tukima's Dance           Hex            ##......     16%         3    ###....
 Dazzling Spray           Conj/Hex       #.....       30%         3    ###....


Dungeon Overview and Level Annotations

Branches:
Dungeon (4/15)             Temple (0/1) D:4

Altars:
Hepliaklqana
Xom


Innate Abilities, Weirdness & Mutations

You are small and have problems with some larger weapons.
You are carnivorous and can eat meat at any time.


Message History

The puff of flame misses you.
Casting: Corona (safe; 5% risk of failure)
Confirm with . or Enter, or press ? or * to list all spells.
Aiming: Ensorcelled Hibernation (safe; 10% risk of failure)
Press: ? - help, Shift-Dir - straight line, f - orc wizard
Aim: an orc wizard, wielding a dagger and wearing a robe (severely wounded, The orc wizard resists with some effort.
The orc wizard stops glowing and disappears.
Something hits you.
* * * LOW HITPOINT WARNING * * *
You miss something. Something hits you.
* * * LOW HITPOINT WARNING * * *
You closely miss something.
You hear some strange, mumbled words.
A puff of flame appears from out of thin air!
The puff of flame hits you!
* * * LOW HITPOINT WARNING * * *
A magic dart appears from out of thin air!
The magic dart hits you!
You die...

#.######### #.#
#.........#####.# #
#...............# ###
#.#######.####### ..#
#.# ##.## #.#
#.######...### #.#
#.#........>.# #.#
#...)###...#.# ..#
#...>..@.....# ..# ##
##.)[###..##.#
..###Z######.## #.###.#
(.##ยง#g##.'..# #.# #.#
#.#.#####.#..# #.# #.#
#.##g#_...##.####.###.#
#.####.8.##...........#
...###.._##.........).#
####.).####..####.#####


There were no monsters in sight!

Vanquished Creatures
  A bullfrog (D:3)
  A hound (D:4)
  Natasha (thrice) (D:2 D:3)
  Terence (D:2)
  5 adders
  An ooze (D:2)
  3 worms
  3 dart slugs
  2 leopard geckos (D:1)
  9 orcs
  5 bats
  4 giant cockroaches
  10 goblins
  12 hobgoblins
  4 jackals (D:1)
  6 kobolds
  2 quokkas
  3 ball pythons
  5 frilled lizards
  6 rats
86 creatures vanquished.

Notes
Turn   | Place    | Note
-------+----------+-------------------------------------------
     0 | D:1      | colophon the Kobold Enchanter began the quest for the Orb.
     0 | D:1      | Reached XP level 1. HP: 10/10 MP: 3/3
   407 | D:1      | Reached XP level 2. HP: 16/16 MP: 3/5
   416 | D:1      | Learned a level 2 spell: Ensorcelled Hibernation
   817 | D:1      | Reached skill level 1 in Fighting
   817 | D:1      | Reached XP level 3. HP: 15/20 MP: 3/6
   822 | D:1      | Learned a level 3 spell: Confuse
  2128 | D:2      | Reached XP level 4. HP: 25/25 MP: 7/7
  2230 | D:2      | Reached skill level 1 in Ice Magic
  2677 | D:2      | Noticed Terence
  2794 | D:2      | Killed Terence
  3024 | D:2      | Reached XP level 5. HP: 30/30 MP: 0/8
  3241 | D:3      | Noticed a bullfrog
  3269 | D:3      | Noticed Natasha
  3322 | D:3      | Killed a bullfrog
  3322 | D:3      | Reached skill level 5 in Stealth
  3328 | D:2      | Killed Natasha
  3328 | D:2      | Reached XP level 6. HP: 29/36 MP: 0/9
  3402 | D:2      | Noticed Natasha
  3634 | D:2      | Killed Natasha
  3637 | D:2      | Noticed Natasha
  3890 | D:3      | Killed Natasha
  4357 | D:3      | Found a shimmering altar of Xom.
  4358 | D:3      | Found a hazy altar of Hepliaklqana.
  4358 | D:3      | Noticed a boggart
  4359 | D:3      | Noticed a spectral ugly thing
  4359 | D:3      | Noticed a boggart
  5542 | D:4      | Found a staircase to the Ecumenical Temple.
  5694 | D:3      | Killed from afar by an orc wizard

Skill      XL: |  1  2  3  4  5  6 |
---------------+-------------------+-----
Short Blades   | 2 3 |  3.8
Fighting       | 1 2 3 |  3.0
Dodging        | 3 4 |  4.2
Ice Magic      | 1 2 |  2.4
Stealth        | 5 |  5.7
Spellcasting   | |  2.3
Hexes          | |  3.0

Action                   |  1- 3 |  4- 6 || total
-------------------------+-------+-------++-------
Melee: Dagger            |   107 |   102 ||   209
 Cast: Corona            |     3 |     2 ||     5
       Ensorcelled Hiber |    25 |    79 ||   104
  Use: Potion            |       |     4 ||     4
       Scroll            |       |     1 ||     1
 Stab: Sleeping          |    15 |    47 ||    62
       Distracted        |     1 |       ||     1
  Eat: Chunk             |    14 |    15 ||    29
Armor: Robe              |    15 |    19 ||    34
Dodge: Dodged            |    67 |   120 ||   187
